[Event "*** SCC Grand Prix: Titled Tuesday Blitz"]
[Site "Chess.com"]
[Date "2020.07.14"]
[Round "7"]
[White "Aguiar94"]
[Black "WashUntilHoles"]
[Result "0-1"]
[WhiteElo "2548"]
[BlackElo "2711"]
[TimeControl "180+1"]
[EndTime "11:20:18 PDT"]
[Termination "WashUntilHoles won by resignation"]

1. e4 c5 2. Nf3 d6 3. d4 cxd4 4.
Qxd4 Nf6 5. e5 Nc6 6. Bb5 Qa5+ 7. Nc3 Qxb5 8. Nxb5 Nxd4 9. Nbxd4 dxe5 10. Nxe5 a6 11. Bf4 Nd5 12. Bg3 f6 13. Nc4 e5 14. Nb3 Be6 15. c3 Nb4 16. Ne3 Nd3+ 17. Ke2 Nxb2 18. Na5 b6 19. Rhb1 Na4 20. Nac4 b5 21. Na5 Nxc3+ 22. Kf3 Nxb1 23. Rxb1 Bc5 24. Nb7 Bxe3 25. Kxe3 Ke7 26. f4 exf4+ 27. Bxf4 Rhc8 28. Bd6+ Kf7 29. Bb4 Rc2 30. a3 Rxg2 31. h4 h5 32. Rc1 Kg6 33.
Rc7 Rc8 34. Re7 Bg4 35. Nd6 Re2+ 36. Kd3 Rxe7 37. Nxc8 Bf5+ 38. Kd2 Rd7+ 39. Ke1 Kh7 40. Nd6 Bg4 41. Kf2 a5 42. Bc5 Rc7 43. Bd4 Rc2+ 44.
Ke3 b4 45. axb4 axb4 46. Nb5 b3 47. Na3 Ra2 48. Nc4 Ra4 49. Nb2 Ra8 50. Kd2 Re8 51.
Kc3 Be6 52. Nd3 Rc8+ 53. Kb4 Rd8 54. Kc3 Kg8 55. Nb2 Bf7 56. Nd3 Be6 57. Nb2 Kf7 58. Nd3 g5 59. hxg5 fxg5 60. Ne5+ Kg8 61. Nd3 h4 62.
Bf6 Rxd3+ 63. Kxd3 h3 64. Bxg5 h2 0-1

[Event "*** SCC Grand Prix: Titled Tuesday Blitz"]
[Site "Chess.com"]
[Date "2020.07.14"]
[Round "7"]
[White "Chernobay_Artem"]
[Black "crossingthestreet"]
[Result "1-0"]
[WhiteElo "2633"]
[BlackElo "2425"]
[TimeControl "180+1"]
[EndTime "11:20:18 PDT"]
[Termination "Chernobay_Artem won by checkmate"]

1. d4 Nf6 2. c4 e6 3. Nf3 d5 4.
g3 Be7 5. Bg2 O-O 6. O-O dxc4 7.
Qc2 a6 8. Qxc4 b5 9. Qc2 Bb7 10. Bf4 Nd5 11. Bd2 Nd7 12. Ba5 Qc8 13. e4 Nb4 14.
Qb3 c5 15. Bxb4 cxb4 16. Nbd2 Nf6 17. Rfe1 Rd8 18. Rad1 a5 19. Qe3 Qd7 20. d5 exd5 21.
e5 Ng4 22. Qf4 Nh6 23. Nd4 Rac8 24. N2f3 Qg4 25. Qe3 Nf5 26. Nxf5 Qxf5 27. Nd4 Qd7 28. e6 fxe6 29. Bh3 Rc6 30. Nxc6 Qxc6 31. Bxe6+ Kh8 32. Rc1 Qd6 33. Bf5 Bf6 34. Qe8+ Qf8 35. Qxf8+ Rxf8 36. Rc7 Ba8 37. b3 a4 38. Bd3 Bc3 39. Ree7 Bd4 40.
Kg2 Rxf2+ 41. Kh3 Rf8 42. Bxb5 a3 43. Bd3 Bc3 44. Red7 Bf6 45. Rf7 d4 46. Rxf8# 1-0

[Event "*** SCC Grand Prix: Titled Tuesday Blitz"]
[Site "Chess.com"]
[Date "2020.07.14"]
[Round "7"]
[White "QueenOfTactics90"]
[Black "poppy73"]
[Result "0-1"]
[WhiteElo "2003"]
[BlackElo "2233"]
[TimeControl "180+1"]
[EndTime "11:20:19 PDT"]
[Termination "poppy73 won on time"]

1. e4 c5 2. Nf3 d6 3. d4 cxd4 4. Nxd4 Nf6 5. f3 e5 6. Nb3 Be6 7. c4 Qc7 8. Na3 a6 9. Be3 Nbd7 10. Rc1 Be7 11. Be2 Nc5 12. O-O Nh5 13. g3 g5 14.
Kh1 Ng7 15. Qd2 f6 16. Na1 h5 17. b4 Nd7 18. Nb3 g4 19. f4 h4 20. Kg2 hxg3 21.
hxg3 f5 22. Rh1 Kf7 23. fxe5 Nxe5 24. Nd4 Rxh1 25. Nxe6 Nxe6 26. Rxh1 fxe4 27. Rh7+ Kg8 28. Rh6 Ng7 29. Qd5+ Nf7 30. Rg6 Qc6 31. Bxg4 Qxd5 32. cxd5 Ne5 33. Rxg7+ Kxg7 34. Be6 Rf8 35. Bf4 Nd3 36.
Be3 Rf3 37. Bd4+ Bf6 38. Bxf6+ Kxf6 39. Nc4 Ke7 0-1

[Event "*** SCC Grand Prix: Titled Tuesday Blitz"]
[Site "Chess.com"]
[Date "2020.07.14"]
[Round "7"]
[White "ailime26"]
[Black "VladimirBugayev"]
[Result "1-0"]
[WhiteElo "1878"]
[BlackElo "2096"]
[TimeControl "180+1"]
[EndTime "11:20:19 PDT"]
[Termination "ailime26 won on time"]

1. e4 c6 2. d4 d5 3. exd5 cxd5 4. Bd3 Nc6 5. c3 Qc7 6. Be3 Nf6 7. Nd2 e5 8. dxe5 Nxe5 9. Bb5+ Bd7 10. Bxd7+ Nfxd7 11. Qe2 Be7 12. Ngf3 O-O 13. O-O Bf6 14. Bf4 Nxf3+ 15.
Qxf3 Qc6 16. Nb3 Nb6 17. Rad1 Na4 18. Rd2 Rad8 19. Qg3 Nc5 20. Nxc5 Qxc5 21. Be3 Qa5 22. a3 d4 23. Bxd4 Bxd4 24. Rxd4 Rxd4 25. cxd4 Rd8 26. Qc3 Qa4 27. b4 h6 28. g3 Qd7 29.
Rd1 Qd5 30. Rd2 b6 31. Qe3 Rd6 32. Qe8+ Kh7 33. Qe3 Re6 34. Qd3+ g6 35. f3 Re1+ 36. Kf2 Rh1 37. Kg2 Re1 38. Kf2 Rh1 39. Kg2 Ra1 40.
Re2 Ra2 41. Rxa2 Qxa2+ 42. Kh3 Qe6+ 43. g4 h5 44. Kg3 1-0

[Event "*** SCC Grand Prix: Titled Tuesday Blitz"]
[Site "Chess.com"]
[Date "2020.07.14"]
[Round "7"]
[White "Sanyura"]
[Black "francyIM"]
[Result "0-1"]
[WhiteElo "2480"]
[BlackElo "2655"]
[TimeControl "180+1"]
[EndTime "11:20:20 PDT"]
[Termination "francyIM won by resignation"]

1. Nf3 c5 2. g3 Nc6 3. d3 g6 4. Nbd2 Bg7 5. Bg2 d6 6. O-O Bd7 7. e4 Qc8 8. Nc4 Bh3 9. Bf4 h5 10. a4 h4 11. Bxd6 Bxg2 12. Kxg2 hxg3 13. Bxg3 Qh3+ 14.
Kh1 Nf6 15. Ng5 Qh6 16. f4 Nh5 17. Qg4 Nd4 18. Rf2 f6 19. Nf3 f5 20. Qh3 Bf6 21. e5 Bg7 22. Nxd4 cxd4 23. Qg2 g5 24. Qxb7 Nxg3+ 25. Kg1 Rd8 26. hxg3 gxf4 27. gxf4 Qh4 28. Re1 Bh6 29.
Qf3 Rg8+ 30. Kf1 Rg4 31. Ke2 Rxf4 32. Qc6+ Kf8 33. Ref1 Qg4+ 34. Ke1 Rxf2 35. Rxf2 Bg5 36.
Kf1 Kf7 37. e6+ Kf6 38. Qf3 Qxf3 39. Rxf3 Kxe6 40. Na5 Rc8 41. c4 dxc3 42. bxc3 Rxc3 43.
Nc4 Kf6 44. Ke2 e5 45. Rf1 Rc2+ 46. Kf3 e4+ 47. dxe4 Rxc4 48. exf5 Rf4+ 49. Ke2 Rxf1 50. Kxf1 Kxf5 51. Ke2 Ke5 52. Kd1 Kd4 53. Kc2 Kc4 54. Kb2 Kb4 55. Ka2 Kxa4 56. Kb2 Kb4 57. Ka2 a5 58.
Kb1 Kb3 0-1

[Event "*** SCC Grand Prix: Titled Tuesday Blitz"]
[Site "Chess.com"]
[Date "2020.07.14"]
[Round "7"]
[White "Bazarov04"]
[Black "chito89"]
[Result "0-1"]
[WhiteElo "2588"]
[BlackElo "2799"]
[TimeControl "180+1"]
[EndTime "11:20:21 PDT"]
[Termination "chito89 won on time"]

1. e4 c5 2. Be2 d5 3. d3 Nc6 4.
f4 g6 5. Nf3 Bg7 6. O-O e6 7.
c3 Nge7 8. Na3 O-O 9. Nc2 b6 10. Kh1 Ba6 11. e5 d4 12. c4 Bb7 13. Nd2 f6 14. exf6 Bxf6 15. Ne4 Nf5 16. Bf3 Bg7 17. Ng5 Re8 18. b4 Qc7 19. b5 Nd8 20. Be4 Nf7 21.
Bxb7 Qxb7 22. Ne4 e5 23. Qf3 Qd7 24. Qf2 Ne3 25. Rg1 exf4 26. Ne1 g5 27. Nf3 h6 28. Bb2 Rxe4 29. dxe4 Nxc4 30. Bc1 Qxb5 31. Nd2 Re8 32.
Nxc4 Qxc4 33. a4 d3 34. Ra2 Qxe4 35. Rf1 c4 36. Ba3 Bd4 37. Qd2 c3 38. Qd1 d2 39.
Rc2 Qd3 40. Bb4 Qxf1+ 41. Qxf1 Re1 42. Rc1 dxc1=Q 0-1

[Event "*** SCC Grand Prix: Titled Tuesday Blitz"]
[Site "Chess.com"]
[Date "2020.07.14"]
[Round "7"]
[White "RodinMihail"]
[Black "Airquake"]
[Result "1-0"]
[WhiteElo "2469"]
[BlackElo "2594"]
[TimeControl "180+1"]
[EndTime "11:20:22 PDT"]
[Termination "RodinMihail won on time"]

1. e4 c5 2. Nf3 d6 3. d4 cxd4 4. Nxd4 Nf6 5. Nc3 a6 6. Qf3 g6 7. h3 Bg7 8. Be3 O-O 9. O-O-O Qc7 10. g4 Nc6 11. g5 Ne5 12. gxf6 Nxf3 13. fxg7 Kxg7 14.
Nxf3 Be6 15. Nd4 Bc4 16. h4 h5 17. Kb1 Rac8 18. Rg1 b5 19. Bh3 e6 20. b3 Bxb3 21. Nxb3 b4 22. Na4 Qxc2+ 23. Ka1 Qxe4 24. Bf1 Kg8 25. Bd3 Qxh4 26. Nb6 Rc3 27. Nd7 Rfc8 28. Bg5 Qh3 29. Nf6+ Kg7 30. Rg3 Rxd3 31. Rdxd3 Qf1+ 32. Kb2 Qxf2+ 33. Nd2 Qf5 34. Nfe4 d5 35. Bf6+ Qxf6+ 36.
Nxf6 Kxf6 37. Rdf3+ Kg7 38. Rb3 a5 39. a3 bxa3+ 40.
Rxa3 f5 41. Rxa5 f4 42. Rg1 Kf6 43. Nf3 Rc4 44. Ng5 Kf5 45. Ra6 e5 46. Nf7 Ke4 47. Nd6+ 1-0

[Event "*** SCC Grand Prix: Titled Tuesday Blitz"]
[Site "Chess.com"]
[Date "2020.07.14"]
[Round "7"]
[White "PIwan"]
[Black "yuliagok"]
[Result "1-0"]
[WhiteElo "2492"]
[BlackElo "2098"]
[TimeControl "180+1"]
[EndTime "11:20:22 PDT"]
[Termination "PIwan won on time"]

1. c4 Nf6 2. Nc3 b6 3. e4 d6 4. d4 c5 5. d5 e6 6. f4 exd5 7. cxd5 Qe7 8. Nf3 Nxe4 9. Qa4+ Bd7 10. Qxe4 Qxe4+ 11. Nxe4 f5 12. Nc3 Be7 13. Bb5 O-O 14.
Kf2 Bf6 15. Bxd7 Nxd7 16. Nb5 Rfd8 17. Nxd6 Nf8 18. Nxf5 Rxd5 19. Ne3 Rd3 20. Nc4 Rad8 21. Nce5 R3d5 22. Be3 Ne6 23. Rhe1 Nd4 24. Bxd4 cxd4 25. Rad1 d3 26. Rd2 Be7 27. a3 Bc5+ 28. Kg3 b5 29. b4 Bb6 30. Red1 a5 31. Rxd3 Rxd3 32. Rxd3 axb4 33. Rxd8+ Bxd8 34. axb4 Be7 35. Nd3 Kf7 36. Nd4 Bf6 37. Ne5+ Ke7 38. Nxb5 Ke6 39. Nd4+ Kd5 40. Ndf3 Ke4 41. b5 Bd8 42. Nc4 Kd5 43. Nfe5 g5 44. b6 gxf4+ 45. Kxf4 Kc5 46. Kf5 Bxb6 47. Nxb6 Kxb6 48. Nd7+ Kc6 49. Nf6 Kd6 50. Nxh7 Ke7 51. Ng5 Kf8 52. h4 Kg7 53. g4 Kh6 54. Nf3 1-0

[Event "*** SCC Grand Prix: Titled Tuesday Blitz"]
[Site "Chess.com"]
[Date "2020.07.14"]
[Round "7"]
[White "MasterKroket"]
[Black "DaggiGretarsson"]
[Result "0-1"]
[WhiteElo "2401"]
[BlackElo "2586"]
[TimeControl "180+1"]
[EndTime "11:20:23 PDT"]
[Termination "DaggiGretarsson won by resignation"]

1. d4 g6 2. c4 Bg7 3. Nf3 e6 4. Nc3 Ne7 5. h4 d5 6. h5 c5 7.
cxd5 exd5 8. Bg5 h6 9. Bxe7 Kxe7 10. hxg6 fxg6 11. dxc5 d4 12. Ne4 Qd5 13. Qd3 Bf5 14.
Nfd2 Na6 15. Rc1 Rac8 16. g4 Rxc5 17. Qa3 Bxe4 18. Nxe4 Qxe4 19. Rxc5 Kf6 20. g5+ hxg5 21. Rxh8 Nxc5 22. Qxc5 Qb1+ 23. Kd2 Qxb2+ 24. Kd3 Qb1+ 25. Kd2 Qb2+ 26. Kd3 Qb1+ 27. Kd2 Qxa2+ 28. Kd3 Qb3+ 29.
Kd2 Qc3+ 30. Qxc3 dxc3+ 31. Kc2 Bxh8 32. Bg2 b5 33. Bc6 b4 34. Kb3 a5 35. Be4 Bg7 36. Ka4 Bf8 37. Bc2 g4 38. Kxa5 g5 39. Kb5 Ke5 40. Kc4 Kf4 41. Bd1 g3 42. e4 g2 0-1

[Event "*** SCC Grand Prix: Titled Tuesday Blitz"]
[Site "Chess.com"]
[Date "2020.07.14"]
[Round "7"]
[White "Batsai"]
[Black "IAgrest"]
[Result "0-1"]
[WhiteElo "2368"]
[BlackElo "2232"]
[TimeControl "180+1"]
[EndTime "11:20:23 PDT"]
[Termination "IAgrest won by resignation"]

1. d4 Nf6 2. c4 g6 3. Nc3 Bg7 4. e4 d6 5. Nf3 O-O 6. Be2 Nbd7 7. O-O e5 8. d5 Nc5 9. Qc2 a5 10. Bg5 Bd7 11. Nd2 h6 12. Bh4 Qe8 13. b3 Nh7 14. f3 f5 15. Bf2 b6 16. a3 Nf6 17. b4 axb4 18. axb4 Nb7 19. Nb3 Qf7 20. c5 bxc5 21.
bxc5 Nxc5 22. Nxc5 dxc5 23. Bxc5 Rxa1 24. Rxa1 Rb8 25.
Rb1 Rxb1+ 26. Qxb1 fxe4 27. fxe4 Bg4 28. Qb8+ Kh7 29. Bc4 Nd7 30. Qxc7 Qf4 31. Bf2 Nf6 32.
h3 Qc1+ 33. Bf1 Be2 34. Qc5 Qxf1+ 35. Kh2 Bd3 36. d6 Nxe4 37. Qe3 Qxf2 38. Qxf2 Nxf2 39. d7 Bf6 40. Nd5 Bd8 41. Kg3 Ne4+ 42. Kf3 Nc5 43. Nb4 Bf5 44. Nc6 Be4+ 45. Ke3 Bxc6 0-1

[Event "*** SCC Grand Prix: Titled Tuesday Blitz"]
[Site "Chess.com"]
[Date "2020.07.14"]
[Round "7"]
[White "MisiekZielony"]
[Black "ErikRonka"]
[Result "0-1"]
[WhiteElo "2211"]
[BlackElo "2363"]
[TimeControl "180+1"]
[EndTime "11:20:24 PDT"]
[Termination "ErikRonka won on time"]

1. c4 d6 2. Nc3 e5 3. d4 Nd7 4. Nf3 Ngf6 5. g3 g6 6. Bg2 Bg7 7. O-O O-O 8. e4 c6 9. h3 Qa5 10. Bd2 exd4 11. Nxd4 Qb6 12. Nb3 Re8 13. Re1 a5 14.
Be3 Qc7 15. Nd4 Nc5 16. Qc2 a4 17. Rab1 Nfd7 18. b4 axb3 19. axb3 Ne5 20. Red1 Ne6 21.
Nde2 Nf8 22. f4 Ned7 23. Qd2 Qa5 24. b4 Qa6 25. Qxd6 Qxc4 26. e5 f6 27. Qd3 Qxd3 28.
Rxd3 fxe5 29. Ne4 exf4 30. Nxf4 Ne5 31. Rdd1 Bf5 32. Bd4 Nc4 33. Re1 Bxe4 34. Kh2 Bxg2 35. Bxg7 Kxg7 36. Nxg2 Nd6 37. Red1 Nb5 38. Rd2 Rad8 39.
Rf2 Ne6 40. Rbf1 Rf8 41. Ne3 Rxf2+ 42. Rxf2 Nbd4 43. Rd2 Nf3+ 44. Kg2 Nxd2 45. Kf2 Ne4+ 0-1

[Event "*** SCC Grand Prix: Titled Tuesday Blitz"]
[Site "Chess.com"]
[Date "2020.07.14"]
[Round "7"]
[White "f3andwins"]
[Black "Anton_Demchenko"]
[Result "0-1"]
[WhiteElo "2439"]
[BlackElo "2804"]
[TimeControl "180+1"]
[EndTime "11:20:25 PDT"]
[Termination "Anton_Demchenko won by resignation"]

1. d4 Nf6 2. c4 g6 3. Nc3 Bg7 4. e4 O-O 5. Nge2 Nc6 6. f3 d6 7. Be3 a6 8. Qd2 Bd7 9. Rc1 b5 10.
c5 dxc5 11. dxc5 Qc8 12. Nd4 Rd8 13. Qf2 b4 14. Nd5 Nxd5 15. exd5 Nxd4 16. Bxd4 Bxd4 17.
Qxd4 Bc6 18. Bc4 e6 19. d6 cxd6 20. cxd6 Qd7 21. Rd1 a5 22. Kf2 Qa7 23. h4 h6 24.
h5 g5 25. Kg3 Qxd4 26. Rxd4 Kg7 27. Rhd1 Ra7 28. f4 gxf4+ 29. Kxf4 Kf6 30. Ke3 Rad7 31.
g4 Ke5 32. Rf1 Rg8 33. Be2 Bd5 34. Bb5 Rb7 35. Bc4 Bxc4 36. Rxc4 Kxd6 37. Rd1+ Ke7 38.
Kf4 Rgb8 39. Rcd4 a4 40. Kg3 Ra7 41. Rc4 Rb5 42. Kf4 b3 43. axb3 Rxb3 44. Rd2 a3 45. bxa3 Raxa3 46. Rc7+ Kf6 47. Rdd7 Rb4+ 0-1

[Event "*** SCC Grand Prix: Titled Tuesday Blitz"]
[Site "Chess.com"]
[Date "2020.07.14"]
[Round "7"]
[White "BilodeauA"]
[Black "Duhless"]
[Result "0-1"]
[WhiteElo "2820"]
[BlackElo "3033"]
[TimeControl "180+1"]
[EndTime "11:20:27 PDT"]
[Termination "Duhless won by resignation"]

1. e4 Nc6 2. d4 d5 3. e5 Bf5 4. c3 e6 5. Nf3 f6 6. Bd3 Nge7 7. O-O Qd7 8. b4 Bxd3 9. Qxd3 fxe5 10. dxe5 Ng6 11. Re1 a6 12. a4 Be7 13. Nbd2 O-O 14.
Nb3 Rf5 15. Nbd4 Nxd4 16. Nxd4 Rxe5 17. Rxe5 Nxe5 18. Qe2 Bf6 19. Bg5 Bxg5 20. Qxe5 Bf6 21. Qxe6+ Qxe6 22. Nxe6 Bxc3 23. Nxc7 Rc8 24. Nxd5 Bxa1 25.
Ne7+ Kf7 26. Nxc8 Ke6 27. Nb6 Bd4 28. Nc4 Kd5 29. Na5 b6 30. Nb7 Bf6 31. b5 axb5 32. axb5 Ke6 33. f4 Kd7 34. Kf2 Kc7 35. Ke3 Kxb7 36.
Ke4 Kc7 37. Kd5 Kd7 38. g4 h6 39. h3 Bh4 40. Ke5 Bg3 41. Kf5 Kd6 42. g5 hxg5 43.
fxg5 Be5 44. h4 Ba1 45. h5 Kc5 46. Ke4 Kxb5 47. Kd3 Kc5 48. Kc2 Be5 49. Kb3 b5 50. h6 gxh6 51. gxh6 b4 52. Kc2 Kc4 53. Kb1 Kb3 54.
h7 Bh8 55. Kc1 Ka2 0-1

[Event "*** SCC Grand Prix: Titled Tuesday Blitz"]
[Site "Chess.com"]
[Date "2020.07.14"]
[Round "7"]
[White "MomchilPetkov"]
[Black "BocharovD"]
[Result "1-0"]
[WhiteElo "2595"]
[BlackElo "2754"]
[TimeControl "180+1"]
[EndTime "11:20:27 PDT"]
[Termination "MomchilPetkov won by resignation"]

1. d4 Nf6 2. c4 e6 3. Nc3 Bb4 4. Bd2 O-O 5. Nf3 c5 6. a3 Bxc3 7. Bxc3 Ne4 8. Rc1 b6 9. g3 Bb7 10. Bg2 Nxc3 11. Rxc3 cxd4 12. Qxd4 Nc6 13. Qd6 Na5 14. b4 Nc6 15. O-O Rc8 16. Rd3 Rc7 17. Rfd1 Qc8 18. Ng5 h6 19. Ne4 f5 20. Nc3 Nb8 21. Bxb7 Qxb7 22. Qf4 Qc8 23. c5 d5 24. Nb5 Rd7 25. Nd6 Qd8 26. Qe5 Qf6 27. f4 Qxe5 28. fxe5 bxc5 29. bxc5 Nc6 30. Re3 Rb8 31. a4 Rb4 32. Ra1 a5 33. h3 g5 34. Kg2 Kg7 35.
Ra2 Rd8 36. Nb5 Kf7 37. Nd6+ Kg6 38. Nb5 f4 39. gxf4 gxf4 40. Rc3 Nxe5 41. c6 Rc4 42.
Rxc4 dxc4 43. c7 Rg8 44. Nd6 Kf6+ 45. Kf1 f3 46. c8=Q Rxc8 47. Nxc8 1-0

[Event "*** SCC Grand Prix: Titled Tuesday Blitz"]
[Site "Chess.com"]
[Date "2020.07.14"]
[Round "7"]
[White "Ausbildung"]
[Black "WelshTiger"]
[Result "1-0"]
[WhiteElo "2218"]
[BlackElo "2361"]
[TimeControl "180+1"]
[EndTime "11:20:28 PDT"]
[Termination "Ausbildung won on time"]

1. e4 c5 2. c4 Nc6 3. Nc3 g6 4.
d3 Bg7 5. Nge2 e6 6. g3 Nge7 7.
Bg2 O-O 8. O-O a6 9. Rb1 Rb8 10. a3 b5 11. cxb5 axb5 12. b4 cxb4 13. axb4 d5 14.
exd5 exd5 15. Bf4 Rb7 16. Qd2 Be6 17. Rfc1 Nf5 18. Ra1 Nxb4 19. Rab1 Qe7 20. g4 Nh4 21. h3 Nxg2 22. Kxg2 d4 23. Ne4 Nd5 24. Bd6 Qh4 25. Bxf8 Bxf8 26. Qg5 Qxg5 27. Nxg5 Bh6 28. h4 Bxg4 29.
Nxd4 b4 30. f3 Bd7 31. Rc5 Nf4+ 32. Kg3 Bf8 33. Rd5 Nxd5 34. Ne4 Rc7 35. Nb3 f5 36. Ned2 Bd6+ 37. Kf2 Nc3 38. Ra1 Ba4 39. Re1 Bxb3 40. Nxb3 Bc5+ 41. Kg3 Bb6 42. Re6 Nd5 43. d4 Rc3 44.
Rd6 Rxb3 45. Rxd5 Rd3 46. Rb5 1-0

[Event "*** SCC Grand Prix: Titled Tuesday Blitz"]
[Site "Chess.com"]
[Date "2020.07.14"]
[Round "7"]
[White "winniethepooh04"]
[Black "Khazieva_Elza"]
[Result "0-1"]
[WhiteElo "2162"]
[BlackElo "2334"]
[TimeControl "180+1"]
[EndTime "11:20:28 PDT"]
[Termination "Khazieva_Elza won on time"]

1. e4 c5 2. Nf3 d6 3. d4 cxd4 4. Nxd4 Nf6 5. Nc3 Nc6 6. Be2 e5 7. Nb3 Be6 8. O-O a5 9. a4 Be7 10. Be3 O-O 11. f4 Nb4 12. f5 Bxb3 13. cxb3 d5 14.
exd5 Nfxd5 15. Nxd5 Nxd5 16. Bf2 Bg5 17. Bf3 Ne3 18.
Bxe3 Bxe3+ 19. Kh1 Qb6 20. Be4 Qh6 21. Rf3 Rad8 22.
Qe2 Bf4 23. Rh3 Qf6 24. Rd3 Rxd3 25. Bxd3 Qh4 26. g4 Rd8 27. Rd1 h6 28. Bc2 Rc8 29.
f6 Qxf6 30. Qe4 g6 31. Bd3 Qh4 32. Qg2 b6 33. Bc4 Qf6 34. Rd7 Rf8 35. Bb5 Be3 36.
Rd1 Bd4 37. Rf1 Qe7 38. Bc4 e4 39. Qe2 e3 40. Qd3 Qb7+ 41. Kg1 e2+ 0-1

[Event "*** SCC Grand Prix: Titled Tuesday Blitz"]
[Site "Chess.com"]
[Date "2020.07.14"]
[Round "7"]
[White "Zurability"]
[Black "whodee11"]
[Result "1-0"]
[WhiteElo "2582"]
[BlackElo "2401"]
[TimeControl "180+1"]
[EndTime "11:20:29 PDT"]
[Termination "Zurability won on time"]

1. d4 Nf6 2. c4 e6 3. Nf3 b6 4. a3 a5 5. Nc3 Bb7 6. d5 d6 7. e4 e5 8. Be2 Nbd7 9. O-O Nc5 10. Qc2 g6 11. b3 Bg7 12. Be3 O-O 13. b4 Ncd7 14. c5 bxc5 15. bxc5 Nxc5 16. Bxc5 dxc5 17. Na4 Ne8 18. Nxc5 Bc8 19. Nd3 Qe7 20. Rfc1 h6 21.
Nd2 f5 22. Qc6 Rb8 23. Qxg6 Rf6 24. Qh5 Ba6 25. Nc5 Bc8 26. exf5 Rxf5 27. Qg6 Rg5 28. Qd3 e4 29. Ndxe4 Bf5 30. Rab1 Rxb1 31. Rxb1 Nd6 32. Bf3 Rg6 33. g3 Kh7 34. Re1 Be5 35. Qd1 Qg7 36.
Nxd6 cxd6 37. Ne6 Bxe6 38. dxe6 Rxe6 39. Be4+ Kh8 40. Qd5 Re8 41. Bd3 Rf8 42. Re2 Bd4 43.
Kg2 Bf6 44. Qxd6 Bd4 45. Qd5 Bf6 46. Qe4 Bg5 47. Rc2 Bf6 48. h4 Rf7 49. Rc8+ Rf8 50.
Rxf8+ 1-0

[Event "*** SCC Grand Prix: Titled Tuesday Blitz"]
[Site "Chess.com"]
[Date "2020.07.14"]
[Round "7"]
[White "amatatanav"]
[Black "SargissyanSargis"]
[Result "1-0"]
[WhiteElo "2468"]
[BlackElo "2307"]
[TimeControl "180+1"]
[EndTime "11:20:29 PDT"]
[Termination "amatatanav won on time"]

1. e4 e5 2. Bc4 Nf6 3. d3 Nc6 4. Nc3 Na5 5. Bb3 Be7 6. f4 exf4 7. e5 Nxb3 8. axb3 Ng8 9. Bxf4 d6 10. Nf3 dxe5 11. Bxe5 Nf6 12. Nb5 Bd6 13. Nxd6+ cxd6 14. Bd4 O-O 15. O-O Nd5 16. Qe1 Nc7 17. Qg3 Ne6 18.
Bc3 d5 19. Nd4 Qb6 20. Qh4 f6 21. Kh1 Nxd4 22. Bxd4 Qc6 23. Qf2 b6 24. Rfe1 Bd7 25. Re7 Rfe8 26. Rae1 Rxe7 27. Rxe7 Re8 28. Qe2 Rxe7 29. Qxe7 Qe6 30. Qxe6+ Bxe6 31. Kg1 Kf7 32. Kf2 Bg4 33. Ke3 Ke6 34. b4 Bd1 35. c3 g6 36. g3 Bg4 37. Kf4 Bf5 38. Ke3 h5 39. c4 dxc4 40. dxc4 Bc2 41. Kd2 Be4 42. Kc3 Bc6 43. b5 Bd7 44. Kb4 1-0

[Event "*** SCC Grand Prix: Titled Tuesday Blitz"]
[Site "Chess.com"]
[Date "2020.07.14"]
[Round "7"]
[White "brunoo2003"]
[Black "Angel_Hranitel_37"]
[Result "0-1"]
[WhiteElo "2239"]
[BlackElo "2402"]
[TimeControl "180+1"]
[EndTime "11:20:29 PDT"]
[Termination "Angel_Hranitel_37 won by resignation"]

1. e4 c5 2. Nf3 e6 3. d4 cxd4 4.
Nxd4 Nf6 5. Nc3 Nc6 6. Ndb5 Bc5 7. Bf4 O-O 8. Bc7 Qe7 9. Bd6 Bxd6 10. Qxd6 Qd8 11.
O-O-O a6 12. Nd4 Ne7 13. g4 b5 14. g5 Ne8 15. Qg3 b4 16. Na4 Qa5 17. b3 d5 18.
e5 Bd7 19. Kb1 Bxa4 20. bxa4 Qxa4 21. Bd3 Nc7 22. Qh4 g6 23. Rdg1 Nb5 24. Rg3 Nxd4 25.
Qxd4 Rac8 26. Rh3 Nf5 27. Bxf5 exf5 28. Rc1 Rc4 29. Qxd5 Rfc8 30. Rb3 a5 31. e6 Qe8 32. exf7+ Qxf7 33. Qxf7+ Kxf7 34. Rd3 R8c7 35. Rd5 a4 36. Rb5 Rf4 37. h4 Rxh4 38. Rd1 Rg4 39. Rh1 Kg7 40. f3 Rd4 41. Rb6 a3 42. Kc1 Rcd7 43. Rf1 Rc4 44. Re1 Rdc7 45. Re2 Rh4 46. Rbe6 Kf7 47. Ra6 Rd7 48. Re3 Rh1+ 0-1

[Event "*** SCC Grand Prix: Titled Tuesday Blitz"]
[Site "Chess.com"]
[Date "2020.07.14"]
[Round "7"]
[White "Lector118"]
[Black "attack2mateU"]
[Result "0-1"]
[WhiteElo "2493"]
[BlackElo "2662"]
[TimeControl "180+1"]
[EndTime "11:20:30 PDT"]
[Termination "attack2mateU won by checkmate"]

1. d4 Nf6 2. Bf4 c5 3. d5 d6 4.
Nc3 e5 5. dxe6 Bxe6 6. e4 Be7 7. Qd2 O-O 8. O-O-O Qa5 9. Nd5 Qxd2+ 10. Rxd2 Nxd5 11. exd5 Bd7 12. Nf3 Re8 13. Bd3 Bf8 14. Ng5 h6 15.
Ne4 c4 16. Nxd6 Bxd6 17. Bxd6 cxd3 18. Rxd3 Bf5 19. Rb3 b6 20. c4 Nd7 21. Kd2 Rac8 22.
Rc3 Re4 23. b3 b5 24. Rhc1 Rce8 25. Re3 Rd4+ 26. Ke2 Rxe3+ 27. fxe3 Rd3 28. g4 Be4 29. Bf4 Nb6 30. cxb5 Rxd5 31. Rc7 Rxb5 32. Rxa7 Nd5 33. Ra4 Nc3+ 34. Kd2 Nxa4 35. bxa4 Rc5 36. a5 Rc2+ 37. Kd1 Rxa2 38. Bc7 g5 39. Bb6 Bf3+ 40. Ke1 Bxg4 41. Kf1 Be6 42. Kg1 Kh7 43. h4 Kg6 44. hxg5 hxg5 45. Kf1 Kf5 46. Kg1 Ke4 47. Kf1 Kf3 48. Kg1 g4 49. Bc7 g3 50. Bxg3 Kxg3 51. Kf1 Kf3 52. Ke1 Kxe3 53. Kf1 f5 54. Kg1 f4 55. a6 f3 56. a7 f2+ 57. Kg2 Bd5+ 58. Kg3 f1=Q 59.
a8=Q Rg2+ 60. Kh4 Qh1# 0-1

[Event "*** SCC Grand Prix: Titled Tuesday Blitz"]
[Site "Chess.com"]
[Date "2020.07.14"]
[Round "7"]
[White "Klaus1995"]
[Black "ChessFunMaker"]
[Result "0-1"]
[WhiteElo "1893"]
[BlackElo "2271"]
[TimeControl "180+1"]
[EndTime "11:20:30 PDT"]
[Termination "ChessFunMaker won by checkmate"]

1. e4 c5 2. Nf3 d6 3. d4 cxd4 4.
Nxd4 Nf6 5. Nc3 a6 6. Be3 e5 7.
Nb3 Be6 8. f3 h5 9. Qd2 Nbd7 10.
O-O-O Rc8 11. Kb1 b5 12. a3 Nb6 13. Na5 Be7 14. Nb7 Qc7 15. Nxd6+ Bxd6 16. Qxd6 Nc4 17. Bxc4 Bxc4 18. Qxc7 Rxc7 19. Rd6 Ke7 20. Rhd1 Rb8 21. Rxa6 b4 22. axb4 Bxa6 23. Bc5+ Rxc5 24. bxc5 Rc8 25.
Rd6 Bf1 26. Nd5+ Nxd5 27. Rxd5 f6 28. b4 Bxg2 29. c4 Bxf3 30. Kb2 Bxe4 31. Rd6 g5 32.
Kc3 g4 33. Ra6 Rc7 34. Kd2 h4 35. Ke3 Bb7 36. Ra2 g3 37. hxg3 hxg3 38. Rd2 f5 39. Rd1 f4+ 40. Ke2 f3+ 41. Ke3 f2 42. Ra1 Ke8 43. Ke2 Rf7 44. b5 g2 45. c6 f1=Q+ 46.
Rxf1 gxf1=Q+ 47. Kd2 Rf2+ 48. Kc3 Qe1+ 49. Kb3 Rf3+ 50.
Ka4 Qd1+ 51. Kb4 Bxc6 52. bxc6 Qd6+ 53. c5 Qd4+ 54. Kb5 Rb3+ 55. Ka6 Qa4# 0-1

[Event "*** SCC Grand Prix: Titled Tuesday Blitz"]
[Site "Chess.com"]
[Date "2020.07.14"]
[Round "7"]
[White "Tonychess32"]
[Black "Onischuk_V"]
[Result "0-1"]
[WhiteElo "2650"]
[BlackElo "2899"]
[TimeControl "180+1"]
[EndTime "11:20:31 PDT"]
[Termination "Onischuk_V won by checkmate"]

1. d4 d6 2. Nf3 g6 3. c3 Bg7 4. e4 Nf6 5. Bd3 O-O 6. O-O Nc6 7. Re1 e5 8. h3 a5 9. a4 exd4 10. Nxd4 Nd7 11. Nxc6 bxc6 12. Nd2 Nc5 13. Bc2 Re8 14.
Nf3 Rb8 15. Rb1 Ba6 16. Bg5 Qd7 17. e5 dxe5 18. Qxd7 Nxd7 19. Be4 Bb7 20. b4 f5 21.
Bc2 e4 22. Nd4 axb4 23. Bb3+ Kh8 24. Ne6 Bxc3 25. Rec1 h6 26. Bxh6 c5 27. Nxc7 Rec8 28. Nb5 Be5 29. Be6 Bc6 30. Na7 Re8 31. Nxc6 Rxe6 32.
Nxb8 Bxb8 33. Rd1 Bd6 34. a5 Nb8 35. Be3 Na6 36. Rd5 Kg7 37. Rbd1 Be7 38. Rd7 Kf6 39.
Ra7 b3 40. h4 c4 41. Bg5+ Ke5 42. Bxe7 c3 43. Ba3 c2 44. Bb2+ Kf4 45. g3+ Kf3 46. Re1 Nc5 47. Re3+ Kg4 48. Rc7 Nd3 49. Rxd3 exd3 50.
Kg2 Re2 51. Rc4+ Kh5 52. Rd4 d2 53. Rd7 d1=Q 54. Rh7+ Kg4 55. Kh2 Rxf2# 0-1